 Dungeon Crawl Stone Soup version 0.28.0-47-ge53b351184 (webtiles) character file.

Game seed: 16409207715182542642

2334 Woods the Frost Mage (level 9, -6/65 HPs)
             Began as a Gnoll Ice Elementalist on Apr 28, 2022.
             Was an Initiate of Ashenzari.
             Killed by divine providence
             ... invoked by an orc priest
              (10 damage)
             ... on level 6 of the Dungeon on May 2, 2022.
             The game lasted 00:16:10 (8600 turns).

Woods the Frost Mage (Gnoll Ice Elementalist)       Turns: 8600, Time: 00:16:10

Health: -6/65      AC:  4    Str:  8    XL:     9   Next: 42%
Magic:  17/18      EV: 14    Int: 19    God:    Ashenzari [......]
Gold:   404        SH:  0    Dex: 12    Spells: 10/21 levels left

rFire   + . .      SeeInvis .     - Unarmed
rCold   . . .      Faith    .   (no shield)
rNeg    . . .      Spirit   .   a - +0 robe
rPois   .          Reflect  .   l - +0 helmet
rElec   .          Harm     .   (no cloak)
rCorr   .          Rampage  .   (no gloves)
Will    +....                   w - +0 pair of boots
Stlth   +++.......              (no amulet)
HPRegen 0.20/turn               j - ring of willpower
MPRegen 0.16/turn               k - ring of protection from fire

@: studying Bows
A: fangs 1, strong nose, distributed training
a: Renounce Religion


You were on level 6 of the Dungeon.
You worshipped Ashenzari.
Ashenzari was noncommittal.
You visited 2 branches of the dungeon, and saw 8 of its levels.

You collected 404 gold pieces.

Inventory:

Armour
 a - a +0 robe (worn)
 l - a +0 helmet (worn)
 w - a +0 pair of boots (worn)
Jewellery
 j - a ring of willpower (left hand)
 k - a ring of protection from fire (right hand)
 r - an amulet of faith
 y - a ring of resist corrosion
Wands
 t - a wand of polymorph (10)
 u - a wand of acid (12)
Scrolls
 b - 2 scrolls of magic mapping {unknown}
 c - 4 scrolls of identify
 d - 2 scrolls of summoning
 e - 2 scrolls of blinking
 f - a scroll of noise {unknown}
 h - a scroll of torment {unknown}
 i - a scroll of fear {unknown}
 n - a scroll of amnesia {unknown}
 p - a scroll of immolation {unknown}
 q - a scroll of enchant weapon {unknown}
 v - 2 scrolls of enchant armour {unknown}
 x - a scroll of brand weapon {unknown}
Potions
 g - a potion of curing
 m - a potion of resistance {unknown}
 o - a potion of heal wounds {unknown}
 s - a potion of cancellation {unknown}


   Skills:
 + Level 4.2 Fighting
 + Level 4.2 Short Blades
 + Level 4.2 Long Blades
 + Level 4.2 Axes
 + Level 4.2 Maces & Flails
 + Level 4.2 Polearms
 + Level 4.2 Staves
 + Level 4.2 Slings
 + Level 5.2 Bows
 + Level 4.2 Crossbows
 + Level 4.2 Throwing
 + Level 4.2 Armour
 + Level 6.3 Dodging
 + Level 6.0 Stealth
 + Level 4.2 Shields
 + Level 4.2 Unarmed Combat
 + Level 6.6 Spellcasting
 + Level 3.5 Conjurations
 + Level 3.5 Hexes
 + Level 3.5 Summonings
 + Level 3.5 Necromancy
 + Level 3.5 Translocations
 + Level 3.5 Transmutations
 + Level 3.5 Fire Magic
 + Level 8.0 Ice Magic
 + Level 3.5 Air Magic
 + Level 3.5 Earth Magic
 + Level 3.5 Poison Magic
 + Level 4.6 Invocations
 + Level 4.2 Evocations


You had 10 spell levels left.
You knew the following spells:

 Your Spells              Type           Power      Damage    Failure   Level
a - Freeze                Ice            100%       1d11      1%          1
b - Frozen Ramparts       Ice            72%        1d9       1%          3
c - Ozocubu's Armour      Ice            36%        N/A       1%          3
d - Hailstorm             Conj/Ice       28%        3d8       10%         4

Your spell library contained the following spells:

 Spells                   Type           Power      Damage    Failure   Level
 Beastly Appendage        Tmut           38%        N/A       2%          1
 Corpse Rot               Necr/Air       38%        N/A       3%          2
 Poisonous Vapours        Pois/Air       38%        N/A       3%          2
 Wereblood                Tmut           19%        N/A       3%          2
 Spider Form              Tmut/Pois      19%        N/A       8%          3


Dungeon Overview and Level Annotations

Branches:
Dungeon (7/15)             Temple (1/1) D:6

Altars:
Ashenzari
Cheibriados
Dithmenos
Elyvilon
Fedhas
Gozag
Hepliaklqana
Kikubaaqudgha
Makhleb
Nemelex Xobeh
Okawaru
Qazlal
Ru
Sif Muna
Trog
Uskayaw
Vehumet
Wu Jian
Xom
Yredelemnul
Zin
The Shining One

Shops:
D:2 =

Annotations:
D:6 Grinder
D:7 Maggie


Innate Abilities, Weirdness & Mutations

You have very sharp teeth.
Your uncanny sense of smell can sniff out nearby items.
Your experience applies equally to all skills.


Message History

There is a stone staircase leading up here.
Casting: Ozocubu's Armour (safe; 1% risk of failure)
Confirm with . or Enter, or press ? or * to list all spells.
A film of ice covers your body! The orc hits you but does no damage.
The orc warrior hits you with a +0 halberd!
Unknown command.
Aiming: Freeze (safe; 1% risk of failure)
Press: ? - help, Q - select action, (/) - cycle Shift-Dir - straight line, f - orc
Aim: an orc, wielding a +0 dagger You freeze the orc!
You kill the orc!
The orc warrior hits you with a +0 halberd!
Aiming: Freeze (safe; 1% risk of failure)
Press: ? - help, Q - select action, (/) - cycle Shift-Dir - straight line, f - orc warrior
Aim: an orc warrior, wielding a +0 halberd and wearing a +0 plate armour You freeze the orc warrior.
The orc warrior is lightly wounded.
The orc warrior hits you with a +0 halberd!
* * * LOW HITPOINT WARNING * * *
Your icy armour will break if you move.
Continue?
Okay, then.
Your icy armour will break if you move.
Continue?
The orc warrior closely misses you.
You climb upwards.
Your icy armour cracks and falls away as you move.
Level annotation: Grinder
There is a stone staircase leading down here.
The orc warrior completely misses you.
The orc priest hits you but does no damage.
The orc warrior hits you from afar with a +0 halberd!
* * * LOW HITPOINT WARNING * * *
You see here +0 fire dragon scales.
Things that are here:
a potion of degeneration; a +0 ring mail; a +0 flail The orc priest invokes the aid of Beogh against you.
You easily resist.
The orc priest casts a cantrip, but nothing happens.
The orc priest calls down the wrath of Beogh upon you.
Beogh smites you!
You die...

####### ##########
#.....##
#......oo###...(...
#.@#####...........
##..# #####.....##
######.##### #!#####.
#..........# ##o'.5...
#..........###..#####.
#.................[.##
#............##.......
#..........#.####....#
#............####.####


You could see an orc warrior and an orc priest.

Vanquished Creatures
  A sky beast (D:7)
  A black bear (D:6)
  2 ogres
  2 necrophages
  2 gnoll sergeants
  2 bullfrogs (D:6)
  2 scorpions (D:6)
  Blork the orc (D:4)
  2 water moccasin zombies
  A water moccasin skeleton (D:6)
  A wyvern skeleton (D:5)
  3 howler monkeys
  2 centaur zombies
  A bullfrog zombie (D:6)
  A jelly (D:7)
  3 hounds (D:5)
  4 orc priests
  A scorpion zombie (D:5)
  Terence (D:2)
  Natasha (thrice) (D:2)
  3 iguanas
  6 orc wizards
  A hound zombie (D:5)
  A howler monkey zombie (D:6)
  Robin (D:4)
  11 gnolls
  9 adders
  A white imp (D:6)
  An adder skeleton (D:5)
  3 worms
  3 dart slugs
  26 orcs
  7 ball pythons
  4 endoplasms
  3 giant cockroaches
  16 goblins
  7 hobgoblins
  4 jackals (D:2)
  2 quokkas
  6 bats
  A frilled lizard (D:3)
  5 kobolds
  A quokka skeleton (D:4)
  6 rats
164 creatures vanquished.

Notes
Turn   | Place    | Note
-------+----------+-------------------------------------------
     0 | D:1      | Woods the Gnoll Ice Elementalist began the quest for the
                  | Orb.
     0 | D:1      | Reached XP level 1. HP: 13/13 MP: 6/6
   541 | D:1      | Reached XP level 2. HP: 17/19 MP: 4/7
  1131 | D:2      | Reached XP level 3. HP: 24/25 MP: 5/9
  1139 | D:2      | Reached skill level 5 in Spellcasting
  1264 | D:2      | Noticed Terence
  1361 | D:1      | Learned a level 3 spell: Frozen Ramparts
  1365 | D:1      | Learned a level 3 spell: Ozocubu's Armour
  1401 | D:2      | Found Kearoz's Jewellery Shoppe.
  1499 | D:2      | Noticed Natasha
  1507 | D:2      | Killed Natasha
  1508 | D:2      | Reached skill level 1 in Fighting
  1508 | D:2      | Reached skill level 1 in Short Blades
  1508 | D:2      | Reached skill level 1 in Long Blades
  1508 | D:2      | Reached skill level 1 in Axes
  1508 | D:2      | Reached skill level 1 in Maces & Flails
  1508 | D:2      | Reached skill level 1 in Polearms
  1508 | D:2      | Reached skill level 1 in Staves
  1508 | D:2      | Reached skill level 1 in Slings
  1508 | D:2      | Reached skill level 1 in Bows
  1508 | D:2      | Reached skill level 1 in Crossbows
  1508 | D:2      | Reached skill level 1 in Throwing
  1508 | D:2      | Reached skill level 1 in Armour
  1508 | D:2      | Reached skill level 1 in Shields
  1508 | D:2      | Reached skill level 1 in Unarmed Combat
  1508 | D:2      | Reached skill level 1 in Invocations
  1508 | D:2      | Reached skill level 1 in Evocations
  1558 | D:2      | Noticed Natasha
  1563 | D:2      | Killed Natasha
  1564 | D:2      | Reached XP level 4. HP: 25/32 MP: 2/11
  1752 | D:2      | Noticed Natasha
  1763 | D:2      | Killed Natasha
  1764 | D:2      | Reached skill level 1 in Conjurations
  1764 | D:2      | Reached skill level 1 in Hexes
  1764 | D:2      | Reached skill level 1 in Summonings
  1764 | D:2      | Reached skill level 1 in Necromancy
  1764 | D:2      | Reached skill level 1 in Translocations
  1764 | D:2      | Reached skill level 1 in Transmutations
  1764 | D:2      | Reached skill level 1 in Fire Magic
  1764 | D:2      | Reached skill level 1 in Air Magic
  1764 | D:2      | Reached skill level 1 in Earth Magic
  1764 | D:2      | Reached skill level 1 in Poison Magic
  1899 | D:2      | Killed Terence
  1900 | D:2      | Reached XP level 5. HP: 37/37 MP: 2/12
  2919 | D:4      | Reached XP level 6. HP: 44/44 MP: 8/13
  3293 | D:4      | Noticed Blork the orc
  3414 | D:4      | Killed Blork the orc
  3415 | D:4      | Reached skill level 5 in Dodging
  3984 | D:4      | Reached XP level 7. HP: 43/50 MP: 9/15
  4035 | D:4      | Noticed Robin
  4044 | D:4      | Killed Robin
  4408 | D:5      | Entered Level 5 of the Dungeon
  4815 | D:5      | Learned a level 4 spell: Hailstorm
  5040 | D:5      | Reached skill level 5 in Stealth
  5264 | D:5      | Reached XP level 8. HP: 49/57 MP: 11/16
  6629 | D:6      | Reached XP level 9. HP: 65/65 MP: 10/18
  6931 | D:6      | Noticed Grinder
  7201 | D:6      | Found a staircase to the Ecumenical Temple.
  7207 | Temple   | Entered the Ecumenical Temple
  7294 | Temple   | Became a worshipper of Ashenzari the Shackled
  7811 | D:7      | Reached skill level 5 in Bows
  7811 | D:7      | Reached skill level 8 in Ice Magic
  7985 | D:7      | Noticed Maggie
  8037 | D:6      | Paralysed by Grinder for 5 turns
  8069 | D:6      | Found a blossoming altar of Fedhas.
  8586 | D:6      | HP: 1/65 [orc warrior/+0 halberd (14)]
  8600 | D:6      | Killed from afar by an orc priest

Illustrated notes

Levels and vault maps discovered:
D:1:      eino_arrival_druids_welcome, layout_basic
D:2:      layout_loops_ring, serial_shops, shop, uniq_terence, uniq_natasha
D:3:      layout_basic, minivault_11
D:4:      layout_loops_ring, uniq_robin, uniq_blork_the_orc
D:5:      layout_basic, minmay_manual_mess
D:6:      layout_rooms, mainiacjoe_overflow_surrounded_room,
          minmay_temple_entry_butterflies, uniq_grinder
D:7:      layout_layer_cave, enter_bailey_7, enter_ossuary_2,
          chequers_arboretum, uniq_duvessa, uniq_maggie
Temple:   compressed_dpeg_circular_temple

Skill      XL: |  1  2  3  4  5  6  7  8  9 |
---------------+----------------------------+-----
Spellcasting   | 5 6 |  6.6
Fighting       | 1 2 3 4 |  4.2
Short Blades   | 1 2 3 4 |  4.2
Long Blades    | 1 2 3 4 |  4.2
Axes           | 1 2 3 4 |  4.2
Maces & Flails | 1 2 3 4 |  4.2
Polearms       | 1 2 3 4 |  4.2
Staves         | 1 2 3 4 |  4.2
Slings         | 1 2 3 4 |  4.2
Bows           | 1 2 4 5 |  5.2
Crossbows      | 1 2 3 4 |  4.2
Throwing       | 1 2 3 4 |  4.2
Armour         | 1 2 3 4 |  4.2
Shields        | 1 2 3 4 |  4.2
Unarmed Combat | 1 2 3 4 |  4.2
Invocations    | 1 2 3 4 |  4.6
Evocations     | 1 2 3 4 |  4.2
Conjurations   | 1 2 3 |  3.5
Hexes          | 1 2 3 |  3.5
Summonings     | 1 2 3 |  3.5
Necromancy     | 1 2 3 |  3.5
Translocations | 1 2 3 |  3.5
Transmutations | 1 2 3 |  3.5
Fire Magic     | 1 2 3 |  3.5
Air Magic      | 1 2 3 |  3.5
Earth Magic    | 1 2 3 |  3.5
Poison Magic   | 1 2 3 |  3.5
Dodging        | 5 6 |  6.3
Stealth        | 5 6 |  6.0
Ice Magic      | 8 |  8.0

Action                   |  1- 3 |  4- 6 |  7- 9 || total
-------------------------+-------+-------+-------++-------
Melee: Unarmed           |     6 |     9 |   222 ||   237
       Bite              |     1 |       |    42 ||    43
       Punch             |       |     1 |     7 ||     8
 Cast: Freeze            |    42 |    69 |    71 ||   182
       Frozen Ramparts   |     1 |     9 |    45 ||    55
       Ozocubu's Armour  |       |     4 |    17 ||    21
  Use: Scroll            |       |       |     6 ||     6
 Stab: Sleeping          |       |       |     1 ||     1
Armor: Robe              |    11 |     4 |   112 ||   127
Dodge: Dodged            |    28 |    34 |   196 ||   258
